 Dungeon Crawl Stone Soup version 0.28-a0-998-gb9e9c7b67e (webtiles) character file.

Game seed: 15358405219978694332

28 Htamos the Conjurer (level 2, 0/13 HPs)
             Began as a Felid Conjurer on Dec 6, 2021.
             Succumbed to an adder's poison
             ... on level 2 of the Dungeon.
             The game lasted 00:02:41 (1462 turns).

Htamos the Conjurer (Felid Conjurer)                Turns: 1462, Time: 00:02:42

Health: 0/13       AC:  5    Str:  0 (3)  XL:     2   Next: 96%
Magic:  4/6        EV: 16    Int: 17 (19) God:
Gold:   37         SH:  0    Dex: 11 (14) Spells: 4/5 levels left
                                        Lives:  0   Deaths: 0

rFire   . . .      SeeInvis +     - Unarmed
rCold   . . .      Faith    .   (shield unavailable)
rNeg    . . .      Spirit   .   (armour unavailable)
rPois   .          Reflect  .   (helmet unavailable)
rElec   .          Harm     .   (cloak unavailable)
rCorr   .          Rampage  .   (gloves unavailable)
Will    .....                   (boots unavailable)
Stlth   ++........              (no amulet)
HPRegen 0.00/turn               c - +4 ring of protection
MPRegen 0.10/turn               (no ring)

@: lethally poisoned (0 -> -2), very slightly contaminated, inhibited regen,
slowed, lost strength, slow
A: very small, claws 1, fangs 3, see invisible, speed 1, shaggy fur 1, stealthy
paws, no weapons or thrown items, no armour, multi-lived
a: no special abilities


You were on level 2 of the Dungeon.
You visited 1 branch of the dungeon, and saw 4 of its levels.

You collected 37 gold pieces.

Inventory:

Jewellery
 c - a +4 ring of protection (left paw)
Scrolls
 a - a scroll of blinking


   Skills:
 * Level 1.8 Fighting
 - Level 2.6 Dodging
 - Level 2.6 Stealth
 - Level 1.3 Unarmed Combat
 - Level 2.0 Spellcasting
 - Level 3.7 Conjurations


You had 4 spell levels left.
You knew the following spells:

 Your Spells              Type           Power      Damage    Failure   Level
a - Magic Dart            Conj           56%        1d5       4%          1

Your spell library contained the following spells:

 Spells                   Type           Power      Damage    Failure   Level
 Searing Ray              Conj           28%        2d5       6%          2
 Dazzling Flash           Conj/Hex       16%        N/A       26%         3
 Fulminant Prism          Conj/Hex       4%         3d6       65%         4
 Iskenderun's Mystic Bla  Conj/Tloc      8%         2d4       65%         4


Dungeon Overview and Level Annotations

Branches:
Dungeon (4/15)
 Temple: D:4-7

Altars:

Annotations:
D:2 exclusion: door


Innate Abilities, Weirdness & Mutations

You have sharp claws.
You have razor-sharp teeth.
You have supernaturally acute eyesight. (SInv)
You cover ground quickly. (Speed+)
You are covered in fur. (AC +1)
Your paws help you pounce on unaware monsters.
You are incapable of wielding weapons or throwing items.
You cannot wear armour.
You gain extra lives every three experience levels.


Message History

There is a stone staircase leading down here.
The adder barely misses you. The bat closely misses you.
The bat hits you but does no damage.
You open the door. The bat hits you but does no damage.
The bat barely misses you. The adder bites you.
You are poisoned.
The adder poisons you! The adder closely misses you.
You feel sick. The bat misses you.
There is an open door here.
* * * LOW HITPOINT WARNING * * *
You feel sick.
Unknown command.
It was a potion of degeneration.
There was something very wrong with that liquid.
You feel weakened.
You have lost your strength.
You feel dopey.
You feel clumsy.
* * * LOW HITPOINT WARNING * * *
You feel sick. The adder bites you.
* * * LOW HITPOINT WARNING * * *
* * * LOW HITPOINT WARNING * * *
You feel sick. The adder bites you but does no damage.
You can move again.
Casting: Magic Dart (safe; 4% risk of failure)
Confirm with . or Enter, or press ? or * to list all spells.
Aiming: Magic Dart (safe; 4% risk of failure)
Press: ? - help, Shift-Dir - straight line, f - adder
Aim: an adder (100% to hit)
The magic dart hits the adder.
The adder is lightly wounded.
* * * LOW HITPOINT WARNING * * *
You feel sick. The adder closely misses you. The adder completely misses you.
Casting: Magic Dart (safe; 4% risk of failure)
Confirm with . or Enter, or press ? or * to list all spells.
Aiming: Magic Dart (safe; 4% risk of failure)
Press: ? - help, Shift-Dir - straight line, f/p - adder
Aim: an adder (lightly wounded, 100% to hit)
You miscast Magic Dart.
You are very lightly contaminated with residual magic.
Nothing appears to happen.
You die...

##.##........ #.# #.# #.<... #.#
#.# ##.... # #.# ##'## #.#.# #.#
##...## #.#.# ##.# ##.....##
#.#.# # ##..# ##.......###.#..
###########...####.........##.#..
................@Sb...w....+.....
###########.....##..>......##....
# ##..###.###.......######. #...#
#.# ##.....## ## ##..###.#
##...## . #......# ##+## .#
#.###### #.# # #####.#### #.###
#........# ##...########


You could see a worm, an adder and a bat.

Vanquished Creatures
  2 dart slugs
  5 ball pythons
  3 endoplasms (D:1)
  3 goblins
  2 hobgoblins
  A quokka (D:1)
  A frilled lizard (D:1)
  3 kobolds (D:1)
  2 rats (D:1)
22 creatures vanquished.

Notes
Turn   | Place    | Note
-------+----------+-------------------------------------------
     0 | D:1      | Htamos the Felid Conjurer began the quest for the Orb.
     0 | D:1      | Reached XP level 1. HP: 7/7 MP: 4/4
   340 | D:1      | Reached XP level 2. HP: 12/12 MP: 0/6
   352 | D:1      | Reached skill level 1 in Fighting
   374 | D:1      | Reached skill level 1 in Unarmed Combat
  1359 | D:2      | You fall into a shaft and drop 2 floors!
  1459 | D:2      | Lost strength.
  1462 | D:2      | Succumbed to an adder's poison

Illustrated notes

Levels and vault maps discovered:
D:1:      minmay_arrival_loop, layout_basic, minmay_misc_feat_more_columns
D:2:      layout_loops_corners, basic_ecumenical_altar, minmay_misc_feat_alley
D:3:      layout_basic, minmay_cupped
D:4:      layout_loops_ring, trog_wizard, uniq_robin

Skill      XL: |  1  2 |
---------------+-------+-----
Fighting       | 1 |  1.8
Unarmed Combat | 1 |  1.3
Dodging        | |  2.6
Stealth        | |  2.6
Spellcasting   | |  2.0
Conjurations   | |  3.7

Action                   || total
-------------------------++-------
 Cast: Magic Dart        ||    59
  Use: Scroll            ||     5
       Potion            ||     1
Armor: Skin              ||     6
Dodge: Dodged            ||    25

Table legend: (Time is in decaauts)
 A = Elapsed time spent in this place.
 B = Non-inter-level travel time spent in this place.
 C = Inter-level travel time spent in this place.
 D = Time resting spent in this place.
 E = Time spent auto-exploring this place.
 F = Levels seen in this place.
 G = Mean time per level.
                   A        B        C        D        E       F      G
               +--------+--------+--------+--------+--------+-----+--------+
         Total |   1285 |   1261 |     24 |     64 |    977 |   4 |  321.2 |
       Dungeon |   1285 |   1261 |     24 |     64 |    977 |   4 |  321.2 |
               +--------+--------+--------+--------+--------+-----+--------+

Top non-repeatable levels by time:
     D:1: 873 daAuts
     D:2: 334 daAuts
     D:4: 70 daAuts
     D:3: 6 daAuts
